cohdb
Replays
Latest Replays
All Replays
Popular Replays
Top Player Replays
Match Explorer
How It Works
Community
CoH3 Stats
Reddit
Sign in to upload your games and track your stats! →
Sign in with Steam
Match 38699252
Unlisted
Match 38699252
Overview
Messages
Build Orders
End
Panzergrenadier Squad
250 Light Carrier
Panzergrenadier Squad
Construct Light Support Kompanie
Selects Armored Support Battlegroup
Selects Superior Fire Drills
Combat Half-tracks
Fire Support Elements
Flakvierling Half-track
Vehicle Survival Package
Pak 38 Mechanized Group
Veteran Squad Leaders
Selects Salvage Kits
Tungsten Core Ammunition
Construct Panzerarmee Kommand
Selects Panzer Storm
Emergency Repair Kits
Armored Reserves
Panzer IV Assault Group
Rapid Advance
2.5-tonne Medical Truck
Tiger Heavy Tank
Selects Stuka Anti-tank Loiter
Stuka Anti-tank Loiter
Construct Mechanized Kompanie
Kradschützen Motorcycle Team
18-tonne Recovery Half-track
Kwarzym
[~AJ~]Oberst
DJ Hennessy Youngman
Mael Radec
TriggerConroy
Johnny boi
Easy Eight
BuCheonFrog
0
0
Comments
sign in to comment!
No comments posted yet!